 Dungeon Crawl Stone Soup version 0.13-a0-2648-g56e3d78 (webtiles) character file.

30761 ReallyStein the Tortoise (level 13, -3/80 HPs)
             Began as a Gargoyle Fighter on Aug 8, 2013.
             Was a High Priest of Okawaru.
             Slain by Rupert
             ... wielding a +4,+3 great sword of freezing
              (11 damage)
             ... on Level 6 of the Lair of Beasts on Aug 9, 2013.
             The game lasted 02:45:59 (19578 turns).

ReallyStein the Tortoise (Gargoyle Fighter)        Turns: 19578, Time: 02:45:59

HP  -3/80        AC 34     Str 23      XL: 13   Next: 48%
MP  17/18        EV  6     Int  8      God: Okawaru [*****.]
Gold 892         SH 23     Dex 12      Spells:  1 memorised, 14 levels left

Res.Fire  : + . .   See Invis. : .   b - +0 orc flail (holy)
Res.Cold  : . . .   Warding    : .   t - +2 plate armour {MR+}
Life Prot.: + . .   Conserve   : .   c - +0 shield
Res.Poison: +       Res.Corr.  : .   (no helmet)
Res.Elec. : +       Clarity    : .   (no cloak)
Sust.Abil.: . .     Spirit.Shd : .   K - +0 pair of gauntlets
Res.Mut.  : .       Stasis     : .   I - +0 pair of boots
Res.Rott. : +       Flight     : .   J - amulet of faith
Saprovore : . . .                    h - ring of wizardry
                                     y - ring of protection from fire

@: heroism, quite resistant to hostile enchantments, extremely unstealthy
A: fangs 1, talons 2, life protection 1, electricity resistance, slow metabolism
1, unbreathing, petrification resistance, AC +9
a: Heroism, Finesse, Renounce Religion


You were on level 6 of the Lair of Beasts.
You worshipped Okawaru.
Okawaru was exalted by your worship.
You were hungry.

You visited 3 branches of the dungeon, and saw 19 of its levels.

You collected 872 gold pieces.

Inventory:

Hand weapons
 b - a +0,+0 orcish flail of holy wrath (weapon)
 D - a +1,+2 whip of flaming
Missiles
 w - 23 stones
 L - 4 javelins (quivered)
Armour
 c - a +0 shield (worn)
 t - a +2 plate armour of magic resistance (worn)
 I - a +0 pair of boots (worn)
 K - a +0 pair of gauntlets (worn)
Magical devices
 e - a wand of paralysis (12)
 i - a wand of draining (6)
 m - a wand of paralysis (12)
 n - a wand of disintegration (3)
 x - a wand of frost (4)
 B - a wand of paralysis (14)
 C - a wand of lightning (8)
 E - a wand of lightning (6)
 F - a wand of disintegration (16)
 M - a wand of slowing (11)
 N - a wand of lightning (3)
 Q - a wand of fire (4)
 S - a wand of polymorph (14) {unknown}
 W - a wand of flame (9) {unknown}
 X - a wand of hasting (0)
Comestibles
 d - 6 bread rations
 p - 6 meat rations
 T - a snozzcumber
 U - a chunk of rat flesh
Scrolls
 a - 3 scrolls of enchant weapon II
 f - a scroll of vulnerability {unknown}
 g - 10 scrolls of remove curse
 k - 2 scrolls of fear
 o - 4 scrolls of teleportation
 s - a scroll of curse armour {unknown}
 u - a scroll of amnesia {unknown}
 v - a scroll of blinking {unknown}
 z - 2 scrolls of recharging
 A - a scroll of enchant weapon I {unknown}
 G - a scroll of enchant armour
 H - a scroll of random uselessness {unknown}
 O - a scroll of curse jewellery {unknown}
 V - 4 scrolls of identify
Jewellery
 h - a ring of wizardry (right hand)
 j - an uncursed ring of positive energy {unknown}
 y - a ring of protection from fire (left hand)
 J - an amulet of faith (around neck)
 R - an uncursed ring of protection from fire
Potions
 l - 11 potions of curing
 q - a potion of agility
 P - a potion of restore abilities {unknown}
 Y - 2 potions of cure mutation
Books
 r - a book of Burglary

   Spells                             Type                      Level
   Apportation                        Translocation                1
   *Swiftness                         Charms/Air                   2
   Passwall                           Transmutation/Earth          3
   Passage of Golubria                Translocation                4
   Lee's Rapid Deconstruction         Earth                        5
   Darkness                           Hexes                        7


   Skills:
 + Level 10.8(15.8) Fighting
 - Level 14.0(19.0) Maces & Flails
 - Level 16.0(21.0) Armour
 - Level 3.2(8.2) Shields
 - Level 2.1 Spellcasting
 - Level 2.0 Charms
 - Level 2.0 Air Magic


You had 14 spell levels left.
You knew the following spells:

 Your Spells              Type           Power        Failure   Level  Hunger
a - Swiftness             Chrm/Air       #.........   98%         2    ###....


Dungeon Overview and Level Annotations

Branches:
Dungeon (12/27)            Temple (1/1) D:4             Orc (0/4) D:10
   Lair (6/8) D:11         Shoals (0/5) Lair:4        Snake (0/5) Lair:6
  Slime: Lair:6-8

Altars:
Ashenzari
Cheibriados
Elyvilon
Fedhas
Kikubaaqudgha
Makhleb
Nemelex Xobeh
Okawaru
Sif Muna
Trog
Vehumet
Xom
Yredelemnul
Zin
the Shining One

Portals:
Ice
Cave: Lair:4

Annotations
D:7 exclusion: 2 downstairs
D:12 Josephine
Lair:2 exclusion: door
Lair:5 exclusion: 2 downstairs
Lair:6 Rupert


Innate Abilities, Weirdness & Mutations

You are resistant to torment.
You are immune to poison.
Your stone body is very resilient (AC +9).
You have very sharp teeth.
You have razor-sharp toenails.
You resist negative energy.
You are resistant to electric shocks.
You have a slow metabolism.
You can survive without breathing.
You are immune to petrification.


Message History

Rupert freezes you.
* * * LOW HITPOINT WARNING * * *
You hit Rupert but do no damage.
Rupert is almost dead.
Rupert barely misses you.
You closely miss Rupert.
Rupert is almost dead.
You block Rupert's attack.
You barely miss Rupert. Your bite misses Rupert.
Rupert is almost dead.
You block Rupert's attack.
You hit Rupert.
Rupert is almost dead.
Rupert closely misses you.
You barely miss Rupert.
Rupert is almost dead.
You sock Rupert!
Rupert is almost dead.
Rupert hits you with a great sword of freezing!
You die...

#### ###### ######.## #
##f###.##.####.ff.P.P#.##
.P.......#...............
..........................
..#.......................
.........f................
..+......................
.#......#................
..#.....#.......@.......#
.##......#.......@....#..
##.#.+...#.##+..........
P#.#..#...###...........
...........#..........#.
............#........+.
...........f...........
...........f............
.......P..f.....#.#...P..


You could see Rupert (berserk).

Vanquished Creatures
  2 hydras
  4 death yaks (Lair:6)
  Pikel (D:9)
  A necromancer (Lair:2)
  5 elephants (Lair:4)
  A queen ant (Lair:3)
  8 spiny frogs
  2 black mambas
  5 komodo dragons
  A two-headed ogre (D:9)
  12 blink frogs
  A basilisk (Lair:5)
  2 wyverns
  2 elephant slugs
  Eustachio (D:5)
  20 yaks
  A yellow wasp (D:9)
  5 hippogriffs
  A hill giant skeleton (D:11)
  10 wolves
  2 necrophages
  7 soldier ants (Lair:3)
  3 sky beasts
  A slave (D:8)
  9 ice beasts
  6 porcupines
  2 ogres
  A black bear (D:8)
  5 orc warriors
  8 crocodiles
  Sigmund (D:5)
  13 centaurs
  20 giant frogs
  2 big kobolds
  A giant slug (Lair:1)
  5 water moccasins
  2 cyclops zombies (D:11)
  An eye of draining (D:11)
  An agate snail (Lair:2)
  A hippogriff zombie (D:12)
  A troll zombie (D:12)
  A troll skeleton (D:11)
  8 killer bees
  4 crimson imps
  10 hounds
  8 iguanas
  9 orc priests
  A quasit (D:6)
  An iron imp (D:5)
  10 orc wizards
  A basilisk skeleton (D:12)
  A black bear skeleton (D:9)
  8 sheep (Lair:3)
  18 worker ants
  4 scorpions
  A sky beast zombie (D:7)
  A big kobold skeleton (D:11)
  A mummy (D:11)
  5 jellies
  31 adders
  2 giant centipedes
  7 gnolls (D:4)
  A giant mite (Lair:2)
  73 green rats
  An inept feature mimic (D:5)
  3 worms
  A giant eyeball (D:6)
  10 giant geckos
  An ooze (D:1)
  35 orcs
  A bat skeleton (D:4)
  A bat zombie (D:7)
  3 giant cockroaches
  7 goblins
  20 hobgoblins
  39 jackals
  20 kobolds
  12 quokkas
  A sheep simulacrum (Lair:2)
  A ball python (D:3)
  24 bats
  5 giant newts
  A kobold skeleton (D:4)
  20 rats
  A rat simulacrum (Lair:2)
  A rat zombie (D:7)
  4 ballistomycetes
  A plant (Lair:5)
596 creatures vanquished.

Vanquished Creatures (others)
  2 slaves (D:9)
  2 giant spores
  6 fungi
10 creatures vanquished.

Grand Total: 606 creatures vanquished

Notes
Turn   | Place    | Note
--------------------------------------------------------------
     0 | D:1      | ReallyStein, the Gargoyle Fighter, began the quest for the Orb.
     0 | D:1      | Reached XP level 1. HP: 14/14 MP: 0/0
   116 | D:1      | Reached XP level 2. HP: 17/19 MP: 1/1
   490 | D:1      | Reached XP level 3. HP: 24/24 MP: 2/2
   690 | D:2      | Found a bloodstained altar of Trog.
   696 | D:2      | Reached skill level 4 in Maces & Flails
   781 | D:2      | Reached XP level 4. HP: 28/28 MP: 3/3
  1088 | D:2      | Reached skill level 5 in Maces & Flails
  1534 | D:3      | Reached XP level 5. HP: 33/33 MP: 4/4
  1689 | D:3      | Reached skill level 6 in Maces & Flails
  1958 | D:3      | Reached XP level 6. HP: 35/38 MP: 5/5
  2044 | D:4      | Found a staircase to the Ecumenical Temple.
  2090 | Temple   | Entered the Ecumenical Temple
  2132 | Temple   | Became a worshipper of Warmaster Okawaru
  2294 | D:4      | Reached skill level 7 in Maces & Flails
  3000 | D:4      | Reached skill level 8 in Maces & Flails
  3000 | D:4      | Reached XP level 7. HP: 29/42 MP: 6/6
  3299 | D:5      | Entered Level 5 of the Dungeon
  3424 | D:5      | Noticed Sigmund
  3476 | D:5      | Acquired Okawaru's first power
  3545 | D:5      | Found a burning altar of Makhleb.
  3594 | D:6      | Reached skill level 9 in Maces & Flails
  3851 | D:6      | Reached XP level 8. HP: 45/48 MP: 7/7
  3865 | D:6      | Reached skill level 10 in Maces & Flails
  3892 | D:6      | Paralysed by a giant eyeball for 3 turns
  4165 | D:6      | Found a sparkling altar of Nemelex Xobeh.
  4618 | D:7      | Reached skill level 11 in Maces & Flails
  4893 | D:7      | Reached skill level 12 in Maces & Flails
  4936 | D:7      | Reached XP level 9. HP: 26/52 MP: 5/8
  5309 | D:7      | Found a deep blue altar of Sif Muna.
  5780 | D:7      | Reached skill level 13 in Maces & Flails
  6065 | D:8      | Noticed a hill giant
  6509 | D:8      | Reached skill level 14 in Maces & Flails
  6882 | D:9      | Noticed Pikel
  6953 | D:9      | Killed Pikel
  6953 | D:9      | Reached XP level 10. HP: 48/57 MP: 6/9
  7529 | D:5      | Killed Sigmund
  7755 | D:5      | Noticed Eustachio
  7769 | D:5      | Killed Eustachio
  8269 | D:10     | Entered Level 10 of the Dungeon
  8453 | D:10     | Found a staircase to the Orcish Mines.
  8740 | D:10     | Acquired Okawaru's second power
  8927 | D:10     | Noticed a hill giant
  9662 | D:11     | Reached skill level 10 in Armour
  9677 | D:11     | Learned a level 2 spell: Swiftness
  9942 | D:11     | Found a staircase to the Lair.
  9956 | Lair:1   | Entered Level 1 of the Lair of Beasts
 10003 | Lair:1   | Reached skill level 1 in Spellcasting
 10003 | Lair:1   | Reached skill level 1 in Charms
 10003 | Lair:1   | Reached skill level 1 in Air Magic
 10041 | Lair:1   | Reached XP level 11. HP: 38/61 MP: 12/14
 10309 | Lair:1   | Noticed a black mamba
 10394 | Lair:1   | Killed a black mamba
 10564 | Lair:1   | Noticed a six-headed hydra
 10925 | D:11     | Noticed a hill giant
 11260 | D:12     | Noticed Josephine
 12274 | Lair:1   | Killed a six-headed hydra
 12274 | Lair:1   | Reached skill level 5 in Fighting
 12439 | Lair:1   | Found a deep blue altar of Sif Muna.
 12489 | Lair:1   | Received a gift from Okawaru
 13355 | Lair:2   | Reached XP level 12. HP: 40/70 MP: 14/17
 13922 | Lair:2   | Noticed a necromancer
 13931 | Lair:2   | Killed a necromancer
 14827 | Lair:3   | Found a glowing golden altar of the Shining One.
 15749 | Lair:4   | Reached skill level 15 in Armour
 15904 | Lair:4   | Received a gift from Okawaru
 16032 | Lair:4   | Found a staircase to the Shoals.
 16104 | Lair:4   | Upgraded the game from 0.13-a0-2643-gffe6e9f to 0.13-a0-2648-g56e3d78
 16447 | Lair:4   | Reached skill level 16 in Armour
 16562 | Lair:4   | Found a frozen archway.
 16684 | Lair:4   | Reached XP level 13. HP: 71/76 MP: 18/18
 19013 | Lair:6   | Reached skill level 10 in Fighting
 19043 | Lair:6   | Received a gift from Okawaru
 19395 | Lair:6   | Found a staircase to the Snake Pit.
 19520 | Lair:6   | Noticed Rupert
 19523 | Lair:6   | Paralysed by Rupert for 4 turns
 19547 | Lair:6   | Paralysed by Rupert for 5 turns
 19578 | Lair:6   | Slain by Rupert

Action                   |  1- 3 |  4- 6 |  7- 9 | 10-12 | 13-15 || total
-------------------------+-------+-------+-------+-------+-------++-------
Melee: Mace              |   100 |    86 |       |       |       ||   186
       Flail             |       |   123 |   363 |  1390 |   564 ||  2440
       Whip              |       |       |       |    58 |       ||    58
Throw: Stone             |       |       |     7 |     6 |       ||    13
       Hand axe          |       |       |     1 |       |       ||     1
       Javelin           |       |       |       |       |    30 ||    30
Invok: Heroism           |       |       |    12 |    21 |     7 ||    40
Evoke: Wand              |       |       |       |    11 |    12 ||    23
  Use: Potion            |       |     2 |     2 |     1 |     2 ||     7
       Scroll            |       |       |    10 |    11 |     2 ||    23
 Stab: Distracted        |       |       |       |     1 |       ||     1
       Paralysed         |       |       |       |       |     1 ||     1
